 Dungeon Crawl Stone Soup version 0.21-a0-329-g12f17e1 (webtiles) character file.

4949 vishdafish the Thaumaturge (level 10, -2/74 HPs)
             Began as a Demonspawn Necromancer on Oct 1, 2017.
             Was a Priest of Nemelex Xobeh.
             Slain by a wyvern (17 damage)
             ... on level 9 of the Dungeon.
             The game lasted 00:32:24 (7613 turns).

vishdafish the Thaumaturge (Demonspawn Necromancer) Turns: 7613, Time: 00:32:25

Health: -2/74      AC:  7    Str:  8    XL:     10   Next: 28%
Magic:  23/23      EV: 13    Int: 20    God:    Nemelex Xobeh [***...]
Gold:   709        SH:  0    Dex: 14    Spells: 15/27 levels left

rFire    . . .     SeeInvis +   B - +2 long sword (drain)
rCold    . . .     Gourm    .   (no shield)
rNeg     . . .     Faith    .   a - +0 robe
rPois    .         Spirit   .   g - +2 hat
rElec    .         Reflect  .   l - +0 cloak
rCorr    .         Harm     .   (no gloves)
MR       .....                  (no boots)
Stlth    ++........             A - amulet of magic regeneration
HPRegen  0.22/turn              r - ring of see invisible
MPRegen  0.43/turn              s - ring of wizardry

@: no status effects
A: thin metallic scales 1, demonic guardian 1, powered by death 3
a: Triple Draw, Renounce Religion


You were on level 9 of the Dungeon.
You worshipped Nemelex Xobeh.
Nemelex Xobeh was most pleased with you.
You were very hungry.

You visited 2 branches of the dungeon, and saw 10 of its levels.
You also visited: Ossuary.

You collected 813 gold pieces.
You spent 104 gold pieces at shops.

Inventory:

Hand Weapons
 B - a +2 long sword of draining (weapon)
 Z - a -2 spear of venom
Armour
 a - a +0 robe (worn)
 g - a +2 hat (worn)
 l - a +0 cloak (worn)
Jewellery
 r - a ring of see invisible (left hand)
 s - a ring of wizardry (right hand)
 A - an amulet of magic regeneration (around neck)
 D - an uncursed ring of protection from magic
Wands
 S - a wand of flame (34/48)
 Y - a wand of polymorph (12/24)
Scrolls
 f - 5 scrolls of teleportation {unknown}
 h - a scroll of noise {unknown}
 k - 3 scrolls of magic mapping {unknown}
 m - a scroll of recharging {unknown}
 t - 6 scrolls of fog {unknown}
 v - 2 scrolls of enchant weapon {unknown}
 w - 8 scrolls of identify {unknown}
 x - 3 scrolls of remove curse {unknown}
 y - a scroll of random uselessness {unknown}
 z - a scroll of acquirement {unknown}
 E - 2 scrolls of fear {unknown}
 I - a scroll of immolation {unknown}
 K - a scroll of enchant armour {unknown}
 M - 2 scrolls of amnesia {unknown}
 N - 3 scrolls of blinking {unknown}
 P - 3 scrolls of brand weapon {unknown}
 Q - a scroll of vulnerability {unknown}
Potions
 d - 2 potions of degeneration {unknown}
 e - 7 potions of heal wounds
 j - 2 potions of flight {unknown}
 n - 5 potions of curing
 p - 2 potions of agility {unknown}
 q - 5 potions of lignification {unknown}
 u - 2 potions of resistance {unknown}
 C - a potion of berserk rage {unknown}
 G - 2 potions of might {unknown}
 H - a potion of ambrosia {unknown}
 J - 3 potions of haste {unknown}
 L - 2 potions of magic {unknown}
 O - a potion of brilliance {unknown}
 U - a potion of cancellation {unknown}
Books
 b - a book of Necromancy

   Spells                             Type                      Level
   a - Pain                           Necromancy                   1
   b - Animate Skeleton               Necromancy                   1
   c - Vampiric Draining              Necromancy                   3
   d - Regeneration                   Charms/Necromancy            3
   e - Animate Dead                   Necromancy                   4
   f - Control Undead                 Necromancy                   4
Miscellaneous
 F - an ornate deck of summoning {drawn: 9}
 R - an ornate deck of escape {drawn: 1}
 X - a plain deck of summoning {drawn: 4}
Comestibles
 c - 8 bread rations
 i - 7 fruits
 o - 6 meat rations
 V - 3 royal jellies


   Skills:
 - Level 5.2 Fighting
 * Level 2.5 Polearms
 - Level 3.0 Dodging
 - Level 1.8 Stealth
 - Level 9.3 Spellcasting
 - Level 3.0 Charms
 - Level 8.5 Necromancy
 - Level 7.3 Invocations


You had 15 spell levels left.
You knew the following spells:

 Your Spells              Type           Power        Failure   Level  Hunger
a - Pain                  Necr           ####         1%          1    None
b - Animate Dead          Necr           N/A          1%          4    ###....
c - Regeneration          Chrm/Necr      ####......   1%          3    None
d - Control Undead        Necr           #####.....   1%          4    ###....


Dungeon Overview and Level Annotations

Branches:
Dungeon (9/15)             Temple (1/1) D:4
   Lair: D:8-11         Orc: D:9-12

Altars:
Cheibriados
Dithmenos
Elyvilon
Fedhas
Gozag
Kikubaaqudgha
Makhleb
Nemelex Xobeh
Okawaru
Qazlal
Ru
Sif Muna
Trog
Uskayaw
Vehumet
Xom
Yredelemnul
Zin
The Shining One

Shops:
D:5 !   D:8 :

Annotations:
D:6 Sigmund


Innate Abilities, Weirdness & Mutations

You are partially covered in thin metallic scales. (AC +2)
A weak demonic guardian rushes to your aid.
You regenerate a lot of health from kills.


Message History

Your quasit barely misses the troll.
Your quasit claws the troll but does no damage.
Unknown command.
Evoke which item? (* to show all) (? for menu, Esc to quit)
You draw a card...
It is the Illusion.
Suddenly you stand beside yourself.
Your quasit closely misses the troll.
Your quasit claws the troll but does no damage.
Your quasit claws the troll.
The troll bites you!
* * * LOW HITPOINT WARNING * * *
The troll closely misses you. The troll claws you.
* * * LOW HITPOINT WARNING * * *
Your quasit barely misses the troll.
Your quasit claws the troll but does no damage.
Your quasit closely misses the troll.
The wyvern hisses menacingly.
Vishdafish's illusion hits the troll.
Vishdafish's illusion drains the troll!
Your quasit closely misses the troll.
Your quasit claws the troll.
Your quasit closely misses the troll.
The wyvern bites you!
You die...
Your body glows with a rainbow of weird colours and disappears.

#.#..##.##..##.......###....
#...##...##....####### #....
##..##.._..##....# #....
#..##.......##...# ....
#.##....^....##..# ...
#.#^..#####..^#..# ##
#.##.'#Z#.#Z.##..#
#..###..#..###.5.#
##.....###..@lT@.#
#####..........##
############


You could see a troll, a wyvern, a friendly quasit and the friendly vishdafish's
illusion.

Vanquished Creatures
  A two-headed ogre (D:8)
  2 centaur skeletons (D:8)
  A hellwing (D:8)
  A meliai zombie (D:8)
  An orc warrior (D:8)
  4 ogres
  A wolf (D:8)
  An elf zombie (D:6)
  An elf skeleton (D:6)
  2 bullfrogs
  A wyvern zombie (D:8)
  2 scorpions
  A howler monkey (D:7)
  A crimson imp (D:8)
  4 centaur zombies
  A quasit (D:5)
  A jelly (D:9)
  4 orc wizards
  4 orc priests
  5 hounds
  A bullfrog skeleton (D:7)
  2 iguanas
  A human skeleton (D:6)
  6 worker ants
  A hound zombie (D:5)
  6 mummies (Ossuary)
  9 adders
  A shadow imp (D:7)
  An adder skeleton (D:3)
  An adder zombie (D:7)
  2 dart slugs
  4 worms
  5 leopard geckos
  16 orcs
  A ball python (D:2)
  9 bats
  5 giant cockroaches
  6 goblins
  7 hobgoblins
  15 jackals
  3 quokkas
  6 frilled lizards
  A giant cockroach zombie (D:5)
  A hobgoblin zombie (Ossuary)
  5 kobolds
  A kobold zombie (Ossuary)
  A leopard gecko skeleton (D:6)
  2 orc skeletons (D:6)
  3 orc zombies
  A quokka skeleton (D:4)
  A quokka zombie (D:9)
  3 rats
166 creatures vanquished.

Vanquished Creatures (collateral kills)
  2 two-headed ogres
  A centaur zombie (D:8)
  A hellwing (D:7)
  A troll (D:9)
  A hippogriff (D:8)
  Grum (D:8)
  A hungry ghost (D:7)
  An ice beast (D:5)
  A phantom (D:7)
  A centaur (D:5)
  3 wolves (D:8)
  A bullfrog (D:8)
  A bullfrog zombie (D:9)
  A hound (D:5)
  A jelly (D:8)
  An orc priest (D:3)
  3 orc wizards
  A hound zombie (D:8)
  2 mummies (Ossuary)
  An adder (D:8)
  7 shadow imps
  A leopard gecko (D:6)
  4 orcs
  2 gnoll zombies (Ossuary)
  A quokka (D:7)
  2 kobold zombies (Ossuary)
  A leopard gecko skeleton (D:7)
  A withered plant (D:8)
45 creatures vanquished.

Vanquished Creatures (others)
  A withered plant (D:8)
1 creature vanquished.

Grand Total: 212 creatures vanquished

Notes
Turn   | Place    | Note
-------+----------+-------------------------------------------
     0 | D:1      | vishdafish the Demonspawn Necromancer began the quest for the Orb.
     0 | D:1      | Reached XP level 1. HP: 13/13 MP: 3/3
   407 | D:1      | Gained mutation: You regenerate a little health from kills. [demonic ancestry]
   407 | D:1      | Reached XP level 2. HP: 7/19 MP: 3/5
  1056 | D:2      | Reached skill level 5 in Necromancy
  1058 | D:2      | Gained mutation: You regenerate health from kills. [demonic ancestry]
  1058 | D:2      | Reached XP level 3. HP: 12/25 MP: 1/6
  1283 | D:2      | Found a white marble altar of Elyvilon.
  1287 | D:2      | Reached skill level 1 in Fighting
  1288 | D:2      | Found a stormy altar of Qazlal.
  1509 | D:2      | Gained mutation: A weak demonic guardian rushes to your aid. [demonic ancestry]
  1509 | D:2      | Reached XP level 4. HP: 28/32 MP: 7/7
  1999 | D:3      | Reached skill level 3 in Spellcasting
  2111 | D:3      | Found an ancient bone altar of Kikubaaqudgha.
  2213 | D:3      | Reached XP level 5. HP: 38/38 MP: 9/9
  2251 | D:3      | Found a snail-covered altar of Cheibriados.
  2590 | D:4      | Learned a level 4 spell: Animate Dead
  2594 | D:4      | Learned a level 3 spell: Regeneration
  2748 | D:4      | Found a staircase to the Ecumenical Temple.
  2764 | Temple   | Entered the Ecumenical Temple
  2785 | Temple   | Became a worshipper of Nemelex Xobeh the Trickster
  2908 | D:4      | Reached skill level 1 in Invocations
  2915 | D:4      | Received a gift from Nemelex Xobeh
  2943 | D:4      | Gained mutation: You are partially covered in thin metallic scales. (AC +2) [demonic ancestry]
  2943 | D:4      | Reached XP level 6. HP: 46/46 MP: 11/11
  2973 | D:4      | Found a shimmering altar of Xom.
  2973 | D:4      | Found a basalt altar of Yredelemnul.
  2976 | D:4      | Found an iron altar of Okawaru.
  3012 | D:4      | Found a radiant altar of Vehumet.
  3071 | D:4      | Reached skill level 4 in Spellcasting
  3179 | D:5      | Entered Level 5 of the Dungeon
  3179 | D:5      | Noticed an ice beast
  3185 | D:5      | Killed an ice beast
  3511 | D:5      | Gained mutation: You regenerate a lot of health from kills. [demonic ancestry]
  3511 | D:5      | Reached XP level 7. HP: 26/52 MP: 13/13
  3728 | D:5      | Reached skill level 1 in Charms
  3755 | D:5      | Reached * piety under Nemelex Xobeh
  3759 | D:5      | Found Pagru's Distillery.
  3768 | D:5      | Bought a potion of curing for 39 gold pieces
  3768 | D:5      | Bought a potion of heal wounds for 65 gold pieces
  3913 | D:5      | Reached skill level 5 in Invocations
  4227 | D:6      | Found a sand-covered staircase.
  4314 | Ossuary  | Entered an ossuary
  4320 | Ossuary  | Learned a level 4 spell: Control Undead
  4527 | D:6      | Reached XP level 8. HP: 49/60 MP: 14/14
  4714 | D:6      | Noticed Sigmund
  4780 | D:7      | Received a gift from Nemelex Xobeh
  4908 | D:7      | Reached ** piety under Nemelex Xobeh
  5136 | D:7      | Received a gift from Nemelex Xobeh
  5136 | D:7      | Received a gift from Nemelex Xobeh
  5231 | D:7      | Reached skill level 5 in Fighting
  5649 | D:8      | Noticed a hellwing
  5661 | D:8      | Noticed a hellwing
  5661 | D:8      | Reached skill level 5 in Spellcasting
  5680 | D:8      | Reached skill level 6 in Spellcasting
  5680 | D:8      | Reached XP level 9. HP: 68/68 MP: 4/18
  5704 | D:8      | Noticed a two-headed ogre
  5705 | D:8      | Killed a hellwing
  5705 | D:8      | Reached skill level 7 in Spellcasting
  5722 | D:7      | Killed a hellwing
  5740 | D:7      | Killed a two-headed ogre
  5740 | D:7      | Reached skill level 8 in Spellcasting
  5974 | D:8      | Noticed a two-headed ogre
  5988 | D:8      | Killed a two-headed ogre
  5988 | D:8      | Reached skill level 9 in Spellcasting
  6081 | D:8      | Reached *** piety under Nemelex Xobeh
  6216 | D:8      | Found a deep blue altar of Sif Muna.
  6266 | D:8      | Received a gift from Nemelex Xobeh
  6584 | D:8      | Noticed Grum
  6585 | D:8      | Noticed a two-headed ogre
  6601 | D:8      | Reached XP level 10. HP: 9/74 MP: 23/23
  6609 | D:8      | Killed a two-headed ogre
  6611 | D:8      | Killed Grum
  6644 | D:8      | Found Alokocij's Book Shop.
  6924 | D:8      | Reached skill level 1 in Polearms
  7566 | D:9      | Found a sparkling altar of Nemelex Xobeh.
  7613 | D:9      | Slain by a wyvern

Vault maps used:
D:1:      lightli_arrival_lavapool, glass_columns_b
D:2:      chequers_temple_overflow_statue_of_worship
D:3:      overflow_temple_1_default, cheibriados_altar_1
D:4:      overflow_temple_1_default, grunt_temple_overflow_open,
          minmay_temple_entry_junction_2, first_bread
D:5:      serial_shops, shop
D:6:      nicolae_ossuary_entry_catacombs, corexii_leaking_fountain,
          minmay_hollow_rounded_squares, uniq_sigmund
D:7:      grunt_ogre_cave
D:8:      cheibrodos_grave_circle, led_sif_book, serial_shops, shop, uniq_grum
D:9:      nicolae_overflow_hidden_temple, eino_small_chamber_without_monster,
          nemelex_spade_bored_becter
Temple:   minmay_temple_bridge_abc
Ossuary:  ossuary_tomb_3

Skill      XL: |  1  2  3  4  5  6  7  8  9 10 |
---------------+-------------------------------+-----
Dodging        | 2 3 |  3.0
Necromancy     | 5 6 7 8 |  8.5
Fighting       | 1 2 3 4 5 |  5.2
Spellcasting   | 3 4 6 9 |  9.3
Invocations    | 1 4 6 7 |  7.3
Charms         | 3 |  3.0
Polearms       | 2 |  2.5
Stealth        | |  1.8

Action                   |  1- 3 |  4- 6 |  7- 9 | 10-12 || total
-------------------------+-------+-------+-------+-------++-------
Melee: Short sword       |    17 |       |       |       ||    17
       Unarmed           |     1 |       |    14 |       ||    15
       Mace              |    54 |    86 |       |       ||   140
       Long sword        |       |    65 |   239 |    47 ||   351
Throw: Throwing net      |       |       |     1 |     1 ||     2
 Cast: Pain              |    39 |    34 |    31 |     8 ||   112
       Control Undead    |       |       |    10 |       ||    10
       Regeneration      |       |       |     3 |       ||     3
       Animate Dead      |       |       |     8 |     4 ||    12
Evoke: Deck              |       |       |    16 |     3 ||    19
       Wand              |       |       |     1 |       ||     1
  Use: Potion            |       |       |     2 |       ||     2
 Stab: Sleeping          |     2 |     3 |     3 |       ||     8
       Distracted        |       |     1 |     2 |       ||     3
       Confused          |       |       |     1 |       ||     1
  Eat: Chunk             |     2 |     7 |     5 |     3 ||    17
       Bread ration      |       |       |     2 |       ||     2
       Royal jelly       |       |       |     1 |       ||     1
Armor: Robe              |    36 |    52 |   107 |    13 ||   208
       Skin              |       |       |     1 |       ||     1
Dodge: Dodged            |    62 |   130 |   233 |    42 ||   467
       Rpst.: Long sword |       |    17 |    58 |    11 ||    86

Table legend:
 A = Spawn XP
 B = Non-spawn XP
 C = Spawn XP percentage of total XP
 D = Spawn monster count
 E = Non-spawn monster count
 F = Spawn count percentage of total count
 G = Total turns spent on level
                    A         B        C        D         E        F      G
               +---------+---------+-------+---------+---------+-------+---------
         Total |       0 |    7071 |   0.0 |       0 |     203 |   0.0 |  7613
               +---------+---------+-------+---------+---------+-------+---------
           D:1 |       0 |      27 |   0.0 |       0 |      16 |   0.0 |   982
           D:2 |       0 |      97 |   0.0 |       0 |      28 |   0.0 |  1052
           D:3 |       0 |     107 |   0.0 |       0 |      27 |   0.0 |   545
           D:4 |       0 |     185 |   0.0 |       0 |      13 |   0.0 |   557
           D:5 |       0 |     732 |   0.0 |       0 |      26 |   0.0 |  1013
           D:6 |       0 |     298 |   0.0 |       0 |       9 |   0.0 |   350
           D:7 |       0 |    1479 |   0.0 |       0 |      19 |   0.0 |  1112
           D:8 |       0 |    3627 |   0.0 |       0 |      43 |   0.0 |  1177
           D:9 |       0 |     431 |   0.0 |       0 |      10 |   0.0 |   580
       Ossuary |       0 |      88 |   0.0 |       0 |      12 |   0.0 |   202
               +---------+---------+-------+---------+---------+-------+---------
